 Dungeon Crawl Stone Soup version 0.28-a0-816-gb054d885db (webtiles) character file.

Game seed: 12440201587670317755

241 mcbry74 the Ruffian (level 5, -8/54 HPs)
             Began as a Troll Chaos Knight on Nov 8, 2021.
             Was a Plaything of Xom.
             Mangled by an ogre (15 damage)
             ... on level 4 of the Dungeon.
             The game lasted 00:09:24 (2114 turns).

mcbry74 the Ruffian (Troll Chaos Knight)            Turns: 2114, Time: 00:09:24

Health: -8/54      AC:  6    Str: 21    XL:     5   Next: 80%
Magic:  4/4        EV: 10    Int:  8    God:    Xom [..*...]
Gold:   114        SH:  0    Dex:  9    Spells: 4/4 levels left

rFire   . . .      SeeInvis .     - Unarmed
rCold   . . .      Faith    .   (no shield)
rNeg    . . .      Spirit   .   a - +2 robe
rPois   .          Reflect  .   (helmet restricted)
rElec   .          Harm     .   (no cloak)
rCorr   .          Rampage  .   (gloves unavailable)
Will    .....                   (boots unavailable)
Stlth   +.........              (no amulet)
HPRegen 1.18/turn               (no ring)
MPRegen 0.09/turn               (no ring)

@: no status effects
A: large, unfitting armour, claws 3, regeneration 1, shaggy fur 1, tough skin 1
a: Renounce Religion


You were on level 4 of the Dungeon.
You worshipped Xom.
You were a toy of Xom.
You visited 1 branch of the dungeon, and saw 4 of its levels.

You collected 114 gold pieces.

Inventory:

Missiles
 j - 5 javelins (quivered)
Armour
 a - a +2 robe (worn)
Scrolls
 c - a scroll of summoning {unknown}
 d - a scroll of magic mapping {unknown}
 e - 2 scrolls of immolation {unknown}
 g - a scroll of teleportation {unknown}
Potions
 b - a potion of flight {unknown}
 f - 2 potions of degeneration {unknown}
 h - a potion of magic {unknown}
 i - a potion of curing {unknown}


   Skills:
 * Level 4.0 Fighting
 + Level 1.3 Throwing
 + Level 2.9 Dodging
 + Level 4.1 Unarmed Combat


You had 4 spell levels left.
You didn't know any spells.
Your spell library contained the following spells:

 Spells                   Type           Power      Damage    Failure   Level
 Corpse Rot               Necr/Air       0%         N/A       54%         2
 Poisonous Vapours        Pois/Air       0%         N/A       54%         2
 Ignite Poison            Fire/Tmut/Pois 0%         N/A       78%         3
 Mephitic Cloud           Conj/Pois/Air  0%         N/A       78%         3
 Freezing Cloud           Conj/Ice/Air   0%         6-21      100%        5


Dungeon Overview and Level Annotations

Branches:
Dungeon (4/15)
 Temple: D:4-7

Altars:
Hepliaklqana
Qazlal
Trog


Innate Abilities, Weirdness & Mutations

You are too large for most types of armour.
You have claws for hands.
Your natural rate of healing is unusually fast.
You are covered in fur. (AC +1)
You have tough skin. (AC +1)


Message History

You claw the jelly!
You kill the jelly!
An ogre comes into view. It is wielding a +0 giant spiked club.
Your Fighting skill increases to level 4!
The ogre shouts!
The giant cockroach closely misses you.
You climb upwards.
There is a stone staircase leading down here.
You closely miss the giant cockroach. The giant cockroach bites you.
The giant cockroach closely misses you.
You claw the giant cockroach!
You kill the giant cockroach!
You see here a giant cockroach corpse.
You aren't carrying any pieces of jewellery.
You start waiting.
You are no longer corroded.
There is a stone staircase leading down here.
You climb downwards.
The ogre hits you with a +0 giant spiked club!
The ogre hits you with a +0 giant spiked club!!
There is a stone staircase leading up, spattered with blood here.
You scratch the ogre.
The ogre is lightly wounded.
You scratch the ogre but do no damage.
The ogre is lightly wounded.
The ogre barely misses you.
You claw the ogre!
The ogre is severely wounded.
The ogre hits you with a +0 giant spiked club!!
* * * LOW HITPOINT WARNING * * *
You scratch the ogre.
The ogre is severely wounded.
You scratch the ogre but do no damage.
The ogre is severely wounded.
The ogre hits you with a +0 giant spiked club!
* * * LOW HITPOINT WARNING * * *
You scratch the ogre.
The ogre is severely wounded.
The ogre hits you with a +0 giant spiked club!
You die...

#########.
##.........
........#
#.......#
#.......##
#.@O......
#.....$.##
....##.....
...####
.... $....
... ...# ..
... # ..


You could see an ogre.

Vanquished Creatures
  A scorpion (D:3)
  A jelly (D:4)
  Crazy Yiuf (D:3)
  An orc priest (D:3)
  3 adders
  2 worms (D:2)
  2 dart slugs (D:1)
  2 orcs (D:3)
  2 ball pythons
  6 endoplasms
  3 giant cockroaches
  4 goblins
  7 hobgoblins
  9 kobolds
  A quokka (D:1)
  7 bats
  4 frilled lizards
  5 rats
61 creatures vanquished.

Vanquished Creatures (others)
  2 fungi (D:3)
2 creatures vanquished.

Grand Total: 63 creatures vanquished

Notes
Turn   | Place    | Note
-------+----------+-------------------------------------------
     0 | D:1      | mcbry74 the Troll Chaos Knight began the quest for the Orb.
     0 | D:1      | Reached XP level 1. HP: 22/22 MP: 0/0
   104 | D:1      | Found a hazy altar of Hepliaklqana.
   114 | D:1      | Reached XP level 2. HP: 27/29 MP: 1/1
   356 | D:1      | Reached XP level 3. HP: 37/37 MP: 2/2
   367 | D:1      | XOM: silly message
   379 | D:1      | Found a faded altar of an unknown god.
   620 | D:2      | XOM: silly message
   708 | D:2      | XOM: silly message
   790 | D:2      | XOM: silly message
  1331 | D:2      | Reached XP level 4. HP: 45/45 MP: 3/3
  1610 | D:3      | Found a bloodstained altar of Trog.
  1727 | D:3      | Found a stormy altar of Qazlal.
  1844 | D:3      | Found a runed translucent door.
  1845 | D:3      | Noticed Crazy Yiuf
  1857 | D:3      | XOM: silly message
  1875 | D:3      | XOM: silly message
  1899 | D:3      | Killed Crazy Yiuf
  1900 | D:3      | Reached XP level 5. HP: 30/54 MP: 4/4
  1958 | D:3      | XOM: silly message
  2072 | D:3      | Reached skill level 1 in Throwing
  2076 | D:4      | Noticed an ogre
  2114 | D:4      | Mangled by an ogre

Illustrated notes

Levels and vault maps discovered:
D:1:      shiori_arrival_maze, layout_basic,
          shapermc_ecumenical_altar_mp_highgroup, kennysheep_flooded_box
D:2:      layout_loops_corners
D:3:      layout_basic, lemuel_tele_altar, lemuel_doored_altar,
          uniq_crazy_yiuf_cottage
D:4:      layout_rooms, kennysheep_mini

Skill      XL: |  1  2  3  4  5 |
---------------+----------------+-----
Dodging        | 2 |  2.9
Fighting       | 3 4 |  4.0
Throwing       | 1 |  1.3
Unarmed Combat | 4 |  4.1

Action                   |  1- 3 |  4- 6 || total
-------------------------+-------+-------++-------
Melee: Unarmed           |   128 |    51 ||   179
       Punch             |     1 |       ||     1
Throw: Javelin           |       |     2 ||     2
Armor: Robe              |    51 |    15 ||    66
Dodge: Dodged            |    62 |    20 ||    82

Table legend: (Time is in decaauts)
 A = Elapsed time spent in this place.
 B = Non-inter-level travel time spent in this place.
 C = Inter-level travel time spent in this place.
 D = Time resting spent in this place.
 E = Time spent auto-exploring this place.
 F = Levels seen in this place.
 G = Mean time per level.
                   A        B        C        D        E       F      G
               +--------+--------+--------+--------+--------+-----+--------+
         Total |   2106 |   2062 |     44 |     47 |   1549 |   4 |  526.5 |
       Dungeon |   2106 |   2062 |     44 |     47 |   1549 |   4 |  526.5 |
               +--------+--------+--------+--------+--------+-----+--------+

Top non-repeatable levels by time:
     D:2: 853 daAuts
     D:3: 630 daAuts
     D:1: 600 daAuts
     D:4: 22 daAuts
